AoeStats
← ☆寒星霞芒☆

Fortress

507962281Analyzed
4v4 RM · 13d ago on Sep 20, 2026· 45m 30s· 8 players
Game mode
Random Map
Map size
Huge
Population
200
Speed
Normal
Resources
Standard
Victory
Conquest
Starting age
Dark Age
Ending age
Imperial Age
RankedLock teamsTeams togetherTeam positionsShared explorationLock speedFull tech treeHidden civsTurbo modeCheats
Victory
Defeat
1361
+15
🇭🇰 Burgundians · Hong Kong SAR China
1319
+17
🇩🇪 Mongols · Germany
1311
+17
🇨🇦 Poles · Canada
1300
+18
🇨🇳 Hindustanis · China
1349
-17
🇨🇳 Italians · China
1342
-17
🇨🇳 Jurchens · China
1294
-15
Viesturs Otto I.
7:15 Feudal Age
11:15 Castle Age
9:34 Double-Bit Axe
9:46 Horse Collar
13:55 Bow Saw
14:45 Heavy Plow
16:00 Loom
17:00 Fletching
23:29 Bodkin Arrow
25:10 Gold Mining
33:35 Imperial Age
31:40 Wheelbarrow
31:35 Padded Archer Armor
31:58 Ballistics
33:03 Thumb Ring
33:08 Husbandry
34:20 Bracer
36:06 Chemistry
36:19 Leather Archer Armor
36:31 Conscription
37:29 Elite Mangudai
39:34 Hoardings
41:01 Caravan
41:59 Parthian Tactics
The Spirit of Bonnie Blue
8:38 Feudal Age
9:17 Double-Bit Axe
12:17 Castle Age
10:11 Horse Collar
11:56 Wheelbarrow
11:40 Loom
14:32 Heavy Plow
17:16 Bloodlines
21:59 Forging
22:34 Bow Saw
23:25 Husbandry
24:02 Scale Barding Armor
25:05 Iron Casting
26:17 Gold Mining
26:56 Hand Cart
31:02 Imperial Age
28:59 Town Watch
30:18 Szlachta Privileges
31:00 Chain Barding Armor
30:39 Stone Mining
31:33 Town Patrol
31:03 Cavalier
32:52 Blast Furnace
32:26 Crop Rotation
33:59 Elite Obuch
34:41 Scale Mail Armor
35:57 Chain Mail Armor
40:08 Hoardings
39:54 Conscription
44:50 Plate Mail Armor
45:07 Fortified Wall
44:54 Murder Holes
45:06 Siege Engineers
45:51 Stone Shaft Mining
The Spirit of Charlie Kirk
8:25 Feudal Age
10:08 Double-Bit Axe
10:04 Horse Collar
10:17 Gold Mining
12:58 Castle Age
14:00 Bow Saw
13:55 Heavy Plow
14:37 Wheelbarrow
14:55 Fletching
15:04 Loom
15:52 Bodkin Arrow
16:29 Padded Archer Armor
23:57 Leather Archer Armor
24:42 Thumb Ring
27:17 Ballistics
31:07 Ballistics
31:45 Hand Cart
34:17 Imperial Age
32:04 Town Watch
36:18 Chemistry
34:40 Elite Rattan Archer
38:32 Stone Mining
39:38 Elite Skirmisher
43:07 Bracer
43:38 Ring Archer Armor
42:33 Imperial Skirmisher
adam
3:15 Double-Bit Axe
4:01 Horse Collar
7:38 Feudal Age
12:24 Castle Age
10:55 Gold Mining
16:26 Squires
16:32 Scale Mail Armor
16:49 Bow Saw
16:41 Heavy Plow
19:35 Forging
22:15 Two-Man Saw
22:36 Wheelbarrow
21:48 Loom
23:52 Iron Casting
23:23 Scale Barding Armor
24:39 Crop Rotation
25:33 Gold Shaft Mining
27:14 Chain Barding Armor
27:40 Hand Cart
27:10 Cavalier
27:50 Husbandry
30:46 Guilds
34:10 Imperial Age
31:27 Town Watch
32:48 Chain Mail Armor
32:42 Caravan
33:03 Arson
33:28 Burgundian Vineyards
35:18 Conscription
35:30 Plate Mail Armor
36:00 Blast Furnace
37:31 Chemistry
39:23 Fortified Wall
icu monster
7:15 Feudal Age
11:15 Castle Age
9:40 Double-Bit Axe
9:37 Horse Collar
9:49 Gold Mining
13:09 Bow Saw
16:44 Wheelbarrow
17:39 Heavy Plow
22:25 Fletching
23:04 Bodkin Arrow
24:28 Padded Archer Armor
26:44 Town Watch
27:14 Hand Cart
26:44 Town Watch
26:44 Loom
26:44 Town Watch
27:14 Hand Cart
26:45 Loom
31:42 Imperial Age
29:50 Stone Mining
30:22 Leather Archer Armor
32:12 Stone Shaft Mining
32:39 Thumb Ring
33:39 Chemistry
33:27 Bracer
33:56 Capped Ram
35:56 Ring Archer Armor
36:47 Ballistics
42:13 Elite Genoese Crossbowman
休眠玩家 精锐条顿骑士 一步杀十人
7:12 Feudal Age
10:44 Castle Age
9:02 Horse Collar
9:30 Double-Bit Axe
10:44 Loom
11:51 Bow Saw
11:58 Heavy Plow
18:12 Wheelbarrow
17:23 Town Watch
22:37 Hand Cart
27:02 Imperial Age
25:34 Scale Mail Armor
27:27 Chemistry
26:57 Pikeman
27:53 Squires
28:42 Halberdier
29:48 Arson
30:21 Chain Mail Armor
32:10 Plate Mail Armor
31:53 Elite Hussite Wagon
34:44 Conscription
34:59 Forging
37:19 Iron Casting
37:27 Fortified Wall
44:48 Blast Furnace
☆寒星霞芒☆
7:13 Feudal Age
9:16 Loom
12:05 Castle Age
11:01 Scale Mail Armor
10:50 Horse Collar
11:40 Double-Bit Axe
13:51 Forging
16:58 Gold Mining
19:11 Gold Shaft Mining
20:06 Chain Mail Armor
21:38 Bow Saw
21:53 Squires
22:05 Gambesons
24:16 Iron Casting
28:34 Heavy Plow
29:10 Heavy Plow
31:56 Imperial Age
29:49 Heavy Plow
31:36 Scale Barding Armor
32:11 Elite Fire Lancer
34:16 Wheelbarrow
35:05 Blast Furnace
40:32 Bloodlines
40:23 Husbandry
40:45 Chain Barding Armor
39:50 Light Cavalry
41:29 Wheelbarrow
42:18 Elite Steppe Lancer
45:30 Plate Barding Armor
打咩哟~
6:55 Feudal Age
10:58 Castle Age
9:18 Horse Collar
9:30 Double-Bit Axe
10:15 Scale Mail Armor
12:00 Gold Mining
14:47 Forging
14:26 Arson
15:19 Squires
20:48 Wheelbarrow
20:17 Heavy Plow
24:33 Gold Shaft Mining
23:48 Loom
23:50 Town Watch
26:43 Bow Saw
29:47 Imperial Age
27:53 Scale Barding Armor
27:58 Husbandry
28:09 Bloodlines
29:26 Iron Casting
30:30 Hand Cart
30:06 Heavy Camel Rider
31:27 Conscription
32:43 Grand Trunk Road
33:37 Chain Barding Armor
34:18 Blast Furnace
33:09 Fletching
34:31 Thumb Ring
34:18 Imperial Camel Rider
35:43 Plate Barding Armor
36:19 Shatagni
36:55 Hoardings
37:27 Chemistry
36:48 Ballistics
38:55 Herbal Medicine
41:28 Elite Skirmisher
42:10 Bodkin Arrow
42:15 Padded Archer Armor
41:49 Light Cavalry
44:03 Hussar
Connection lost

Rejoining the realm…

Still unreachable

The connection could not be restored.

Session expired

The server has moved on; the page needs a fresh start.